AoeStats
← ska_18

Arena

508255037Analyzed
3v3 RM · 10d ago on Sep 21, 2026· 45m 24s· 6 players
Game mode
Random Map
Map size
Normal (6 player)
Population
200
Speed
Normal
Resources
Standard
Victory
Conquest
Starting age
Dark Age
Ending age
Imperial Age
RankedLock teamsTeams togetherTeam positionsShared explorationLock speedFull tech treeHidden civsTurbo modeCheats
Victory
Defeat
🇦🇹 Saracens · Austria
882
+11
🇪🇸 Spanish · Spain
865
+11
🇲🇽 Japanese · Mexico
791
+15
🇹🇷 Gurjaras · Türkiye
872
-16
🇸🇦 Vietnamese · Saudi Arabia
727
-11
🇸🇪 Koreans · Sweden
689
-10
ska_18
9:59 Feudal Age
11:31 Loom
15:16 Castle Age
13:39 Horse Collar
14:41 Double-Bit Axe
17:53 Bow Saw
18:34 Wheelbarrow
17:45 Town Watch
22:18 Gold Mining
22:18 Stone Mining
23:13 Hand Cart
23:29 Town Watch
23:48 Heavy Plow
24:56 Fervor
25:07 Sanctity
26:32 Gold Shaft Mining
27:15 Forging
26:55 Fletching
27:11 Scale Barding Armor
27:06 Scale Mail Armor
31:31 Imperial Age
30:41 Iron Casting
30:27 Chain Barding Armor
30:03 Bodkin Arrow
31:01 Bimaristan
31:02 Murder Holes
31:19 Masonry
33:24 Chemistry
32:36 Fortified Wall
32:58 Bloodlines
32:49 Husbandry
32:09 Light Cavalry
33:53 Plate Barding Armor
33:05 Treadmill Crane
34:19 Conscription
35:02 Conscription
35:53 Blast Furnace
36:36 Hoardings
37:47 Hoardings
37:53 Town Patrol
37:52 Elite Mameluke
42:38 Two-Man Saw
fmromerocarmona
1:11 Loom
12:21 Feudal Age
14:08 Double-Bit Axe
14:30 Horse Collar
16:57 Castle Age
23:29 Wheelbarrow
25:25 Padded Archer Armor
30:40 Imperial Age
29:41 Town Watch
32:45 Leather Archer Armor
32:52 Ballistics
33:33 Chemistry
32:18 Arrowslits
32:29 Murder Holes
32:51 Heavy Plow
33:03 Bow Saw
33:20 Squires
33:07 Gambesons
32:42 Pikeman
33:08 Arson
33:29 Scale Mail Armor
33:39 Forging
34:01 Ring Archer Armor
34:03 Masonry
34:56 Two-Man Saw
34:42 Gold Mining
35:29 Chain Mail Armor
35:50 Iron Casting
34:45 Halberdier
41:31 Stone Mining
43:10 Blast Furnace
42:41 Plate Mail Armor
42:40 Hand Cart
Shonedrache
11:32 Feudal Age
12:23 Double-Bit Axe
13:12 Gold Mining
14:50 Horse Collar
17:54 Castle Age
17:00 Wheelbarrow
16:11 Loom
16:44 Stone Mining
18:49 Bow Saw
19:45 Heavy Plow
21:19 Fervor
23:11 Gold Shaft Mining
23:23 Fletching
24:41 Hand Cart
24:42 Treadmill Crane
25:58 Bodkin Arrow
26:27 Ballistics
26:37 Caravan
27:43 Scale Mail Armor
34:45 Imperial Age
32:52 Forging
32:58 Chain Mail Armor
34:08 Murder Holes
34:28 Masonry
35:15 Iron Casting
35:05 Padded Archer Armor
35:19 Fortified Wall
35:52 Conscription
36:08 Hoardings
35:55 Kataparuto
35:33 Town Watch
35:52 Bracer
36:24 Plate Mail Armor
37:30 Chemistry
37:00 Elite Samurai
40:01 Blast Furnace
42:41 Leather Archer Armor
42:34 Siege Engineers
42:15 Arrowslits
44:31 Town Patrol
46:51 Two-Man Saw
Hz.Jesus
10:33 Feudal Age
15:12 Castle Age
13:44 Double-Bit Axe
15:31 Stone Mining
27:33 Fletching
27:44 Padded Archer Armor
29:00 Horse Collar
33:17 Imperial Age
31:15 Gold Mining
32:10 Kshatriyas
34:18 Bow Saw
34:09 Bodkin Arrow
34:36 Leather Archer Armor
36:10 Chemistry
35:53 Wheelbarrow
39:41 Fortified Wall
41:48 Scale Mail Armor
41:59 Forging
44:12 Chain Mail Armor
44:32 Iron Casting
45:24 Plate Mail Armor
AmBa /
4:45 Loom
12:16 Feudal Age
17:56 Horse Collar
18:05 Double-Bit Axe
21:25 Castle Age
20:36 Stone Mining
20:51 Gold Mining
22:18 Light Cavalry
24:04 Caravan
35:29 Imperial Age
34:26 Gold Shaft Mining
36:35 Heavy Plow
36:54 Bow Saw
40:10 Chemistry
xTc
11:04 Feudal Age
15:30 Castle Age
13:50 Double-Bit Axe
17:03 Horse Collar
17:48 Bow Saw
19:44 Heavy Plow
20:13 Gold Mining
20:15 Stone Mining
22:21 Stone Shaft Mining
29:30 Imperial Age
31:11 Elite Skirmisher
33:50 Wheelbarrow
33:11 Capped Ram
35:32 Imperial Skirmisher
39:18 Padded Archer Armor
39:08 Fletching
39:43 Ballistics
41:01 Elite Rattan Archer
Connection lost

Rejoining the realm…

Still unreachable

The connection could not be restored.

Session expired

The server has moved on; the page needs a fresh start.